 Dungeon Crawl Stone Soup version 0.17.2-1-ge4368a0 (webtiles) character file.

113 Goblin1989 the Insei (level 4, -8/28 HPs)
             Began as an Octopode Transmuter on Sept 24, 2017.
             Mangled by a gnoll
             ... wielding a +0 spear
              (9 damage)
             ... on level 3 of the Dungeon.
             The game lasted 00:10:43 (2709 turns).

Goblin1989 the Insei (Octopode Transmuter)          Turns: 2709, Time: 00:10:44

Health: -8/28      AC:  1    Str:  9    XL:     4   Next: 96%
Magic:  7/7        EV: 17    Int: 16    God:
Gold:   93         SH:  7    Dex: 17    Spells: 2 memorised, 4 levels left

rFire  . . .     SeeInvis .       - Unarmed
rCold  . . .     Clarity  .     g - +2 buckler
rNeg   . . .     SustAt   .     (helmet restricted)
rPois  .         Gourm    .     (no amulet)
rElec  .         Spirit   .     (no ring)
rCorr  .         Warding  .     (no ring)
rMut   .         Stasis   .     (no ring)
MR     .....                    (no ring)
Stlth  ++++......               (no ring)
                                (no ring)
                                (no ring)
                                (no ring)

@: agile, not resistant to hostile enchantments, stealthy
A: almost no armour, amphibious, 8 rings, constrict 8, camouflage 1, gelatinous
body 1
a: no special abilities


You were on level 3 of the Dungeon.
You were hungry.

You visited 1 branch of the dungeon, and saw 3 of its levels.

You collected 93 gold pieces.

Inventory:

Hand Weapons
 f - a cursed +0 whip
 m - a +0 hunting sling
Missiles
 a - 51 arrows
 d - 190 stones (quivered)
 h - 19 bolts
Armour
 g - a +2 buckler (worn)
Potions
 c - a potion of heal wounds {@q2, !q}
 o - a potion of lignification {unknown}
Books
 b - a book of Changes

   Spells                             Type                      Level
   a - Beastly Appendage              Transmutation                1
   b - Sticks to Snakes               Transmutation                2
   c - Spider Form                    Transmutation/Poison         3
   d - Ice Form                       Ice/Transmutation            4
   e - Blade Hands                    Transmutation                5
Comestibles
 e - 3 bread rations {@e1}
 i - a beef jerky
 l - a meat ration {@e2}


   Skills:
 - Level 1.0 Fighting
 - Level 2.0 Dodging
 + Level 2.2 Stealth
 * Level 2.8 Shields
 * Level 4.0 Unarmed Combat
 - Level 2.0 Spellcasting
 - Level 2.0 Transmutations


You had 4 spell levels left.
You knew the following spells:

 Your Spells              Type           Power        Failure   Level  Hunger
a - Beastly Appendage     Trmt           #.....       12%         1    #......
b - Sticks to Snakes      Trmt           #.........   17%         2    ###....


Dungeon Overview and Level Annotations

Branches:
Dungeon (3/15)

Altars:
Yredelemnul
The Shining One


Innate Abilities, Weirdness & Mutations

You cannot wear most types of armour.
You are amphibious.
You can wear up to eight rings at the same time.
You can use your tentacles to constrict eight enemies at once.
Your skin changes colour to match your surroundings (Stealth).
Your rubbery body absorbs attacks (AC +1).


Message History

You feel a bit more experienced.
Found an escape hatch in the floor.
You are feeling hungry.
You feel a bit more experienced.
R - a scroll of identify {@r1} Read which item? (? for menu, Esc to quit)
Identify which item? (\ to view known items) (? for menu, Esc to quit)
As you read the scroll of identify {@r1}, it crumbles to dust.
j - a potion of agility An orc comes into view.
Your adder withers and dies!
The helpless orc fails to defend itself.
You tentacle-slap the orc. You grab the orc.
You squeeze the orc, but do no damage.
The orc is lightly wounded.
You constrict the orc. The orc closely misses you.
You tentacle-slap the orc.
You kill the orc!
You hear the brisk rusting of a very distant drain.
You open the door.
There is an open door here.
You now have 93 gold pieces (gained 6).
You open the door.
Found a stone staircase leading down.
There is an open door here.
MP restored: 7 You hear the brisk rusting of a distant drain.
A kobold comes into view.
You see here a bread ration {@e1}.
The kobold shouts!
The kobold throws a stone.
The stone barely misses you.
The kobold throws a stone.
The stone hits you but does no damage.
Things that are here:
a stone; a bread ration {@e1}
e - 3 bread rations {@e1} (gained 1)
The kobold throws a stone.
The stone hits you but does no damage.
The kobold throws a stone.
The stone hits you.
You take 1 damage, and have 27/28 hp.
The kobold hits you.
You take 3 damage, and have 24/28 hp.
You tentacle-slap the kobold.
You kill the kobold!
The gnoll shouts!
You barely miss the gnoll. You grab the gnoll.
You constrict the gnoll, but do no damage.
The gnoll closely misses you.
You tentacle-slap the gnoll but do no damage.
You tentacle-slap the gnoll.
The gnoll is heavily wounded.
You constrict the gnoll. The gnoll hits you.
You take 3 damage, and have 22/28 hp.
You tentacle-slap the gnoll.
The gnoll is severely wounded.
You constrict the gnoll, but do no damage.
The gnoll hits you.
You take 4 damage, and have 18/28 hp.
You tentacle-slap the gnoll.
You kill the gnoll! 2 gnolls come into view.
Found two altars.
A gnoll comes into view. It is wielding a spear.
The gnoll shouts! x4
The gnoll barely misses you.
The gnoll throws a throwing net.
The throwing net hits you.
You become entangled in the net!
You see here a throwing net {!d, =f}.
You try to slip out of the net.
The gnoll hits you!
* * * LOW HITPOINT WARNING * * *
You take 7 damage, and have 12/28 hp.
O_OOPS!!
MASSIVE DAMAGE!!
Unknown command.
Eat which item? (? for menu, Esc to quit)
Okay, then.
Read which item? (? for menu, Esc to quit)
Okay, then.
Drink which item? (? for menu, Esc to quit)
Really quaff
c - 2 potions of heal wounds {@q2, !q}? [Y]es or [N]o only, please.
Really quaff
c - 2 potions of heal wounds {@q2, !q}?
You feel much better. The gnoll barely misses you.
A gnoll comes into view.
Health restored: 28 Drink which item? (? for menu, Esc to quit)
You feel agile all of a sudden. The gnoll hits you!
You take 8 damage, and have 20/28 hp.
O_OOPS!!
MASSIVE DAMAGE!!
You try to slip out of the net.
The gnoll barely misses you. The gnoll hits you.
You take 6 damage, and have 14/28 hp.
O_OOPS!!
MASSIVE DAMAGE!!
You slip out of the net!
The gnoll closely misses you. The gnoll completely misses you.
The gnoll hits you from afar with a spear!
* * * LOW HITPOINT WARNING * * *
You take 9 damage, and have 5/28 hp.
O_OOPS!!
MASSIVE DAMAGE!!
The gnoll barely misses you. x2
The gnoll completely misses you. The gnoll barely misses you.
The gnoll hits you from afar with a spear.
* * * LOW HITPOINT WARNING * * *
You take 4 damage, and have 1/28 hp.
The gnoll hits you from afar with a spear!
You die...

█.█.....█
█.█.█...█
█.█.█...█
█.█...█


████ █.......█ .... █████.███ ████ ██████.██ .)......█ ██ ██@██ ....
██████.g.███████ █. .§.§.█g..█.§.§.§ ████ ⌂....∆gg(∆....⌂. .... §.§.█g..█.§.§.§
████ █.█ █████...███████ █.█ ██.██ █.████ ████ █.█ ███ █.██.. ..█ █.█ █... You
could see 5 gnolls.

Vanquished Creatures
  Ijyb (D:2)
  A gnoll (D:3)
  An ooze (D:1)
  A giant gecko (D:2)
  An orc (D:3)
  5 bats
  A giant cockroach (D:1)
  12 goblins
  5 hobgoblins
  6 jackals
  8 kobolds
  A quokka (D:3)
  A ball python (D:3)
  6 giant newts
  8 rats
58 creatures vanquished.

Vanquished Creatures (collateral kills)
  2 gnolls (D:3)
2 creatures vanquished.

Grand Total: 60 creatures vanquished

Notes
Turn   | Place    | Note
--------------------------------------------------------------
     0 | D:1      | Goblin1989 the Octopode Transmuter began the quest for the Orb.
     0 | D:1      | Reached XP level 1. HP: 13/13 MP: 3/3
   297 | D:1      | Reached XP level 2. HP: 15/18 MP: 5/5
   301 | D:1      | Reached skill level 1 in Shields
   872 | D:1      | Reached XP level 3. HP: 23/23 MP: 6/6
  1218 | D:2      | Reached skill level 1 in Stealth
  1365 | D:2      | Noticed Ijyb
  1392 | D:2      | Killed Ijyb
  1392 | D:2      | Reached XP level 4. HP: 28/28 MP: 5/7
  1547 | D:2      | Reached skill level 4 in Unarmed Combat
  2342 | D:3      | Learned a level 2 spell: Sticks to Snakes
  2700 | D:3      | Found a basalt altar of Yredelemnul.
  2700 | D:3      | Found a glowing golden altar of the Shining One.
  2708 | D:3      | HP: 1/28 [gnoll/spear (4)]
  2709 | D:3      | Mangled by a gnoll

Action                   |  1- 3 |  4- 6 || total
-------------------------+-------+-------++-------
Melee: Unarmed           |    76 |    40 ||   116
 Fire: Hunting sling     |     5 |       ||     5
 Cast: Beastly Appendage |     4 |       ||     4
       Sticks to Snakes  |       |     3 ||     3
  Use: Scroll            |       |     8 ||     8
       Potion            |       |     2 ||     2
 Stab: Sleeping          |     5 |     7 ||    12
  Eat: Chunk             |     1 |     4 ||     5

Vault maps used:
D:1:      lightli_arrival_lavapool, serial_curves, eino_curves_01,
          eino_curves_04, eino_curves_04
D:2:      kennysheep_goblin_castle, first_bread
D:3:      grunt_temple_overflow_holy_war, portal_sewer_entry_c
